 Dungeon Sprint DCSS version 0.29-a0-322-g68df515428 (webtiles) character file.

Game seed: 1855507477623662306

8861 mhtbhm the Executioner (level 11, -27/117 HPs)
             Began as a Minotaur Berserker on Apr 6, 2022.
             Was the Champion of Trog.
             Killed from afar by a merfolk aquamancer (57 damage)
             ... with a shard of ice
             ... in the Dungeon (Sprint VII: "The Pits").
             The game lasted 00:03:26 (2901 turns).

mhtbhm the Executioner (Minotaur Berserker)         Turns: 2901, Time: 00:03:26

Health: -27/117    AC: 24    Str: 26    XL:     11   Next: 15%
Magic:  10/10      EV: 12    Int:  4    God:    Trog [******]
Gold:   0          SH:  0    Dex: 10    Spells: 10/10 levels left

rFire   . . .      SeeInvis .   a - +6 battleaxe (flame)
rCold   . . .      Faith    .   (shield currently unavailable)
rNeg    . . .      Spirit   .   b - +4 chain mail
rPois   .          Reflect  .   (helmet restricted)
rElec   .          Harm     .   (no cloak)
rCorr   .          Rampage  .   (no gloves)
Will    .....      NoTele   +   q - +0 pair of boots
Stlth   ..........              (no amulet)
HPRegen 0.29/turn               m - +3 ring of protection
MPRegen 0.12/turn               n - +3 ring of protection

@: on berserk cooldown, slowed, very slow
A: horns 2, retaliatory headbutt
a: Renounce Religion, Berserk, Trog's Hand, Brothers in Arms


You were in the Dungeon.
You worshipped Trog.
Trog was exalted by your worship.
You visited 1 branch

Inventory:

Hand Weapons
 a - a +6 battleaxe of flaming (weapon)
 r - a +1 broad axe of freezing
Missiles
 l - a curare-tipped dart (quivered)
Armour
 b - a +4 chain mail (worn)
 q - a +0 pair of boots (worn)
Jewellery
 m - a +3 ring of protection (left hand)
 n - a +3 ring of protection (right hand)
Scrolls
 h - a scroll of blinking
 j - a scroll of summoning
Potions
 c - 7 potions of curing
 d - 12 potions of heal wounds
 e - a potion of haste
 f - 4 potions of magic
 g - 3 potions of berserk rage
 i - 2 potions of invisibility
 k - a potion of attraction {unknown}
 o - 2 potions of resistance
 p - 2 potions of mutation


   Skills:
 + Level 17.1 Fighting
 + Level 21.5 Axes
 + Level 14.5 Armour
 + Level 9.6 Dodging
 + Level 1.5 Stealth


You had 10 spell levels left.
You didn't know any spells.
Your spell library was empty.

Dungeon Overview and Level Annotations

Branches:
Dungeon (1/1)

Altars:


Innate Abilities, Weirdness & Mutations

You have a pair of horns on your head.
You reflexively headbutt those who attack you in melee.


Message History

The shard of ice misses you. The basilisk gazes at you.
You resist with some effort.
A merfolk comes into view. It is wielding a +0 spear.
Your unstable footing causes you to fumble your attack.
The merfolk shouts!
The jumping spider leaps!
A centaur comes into view.
A merfolk opens the door.
A wyvern comes into view.
The basilisk bites you but does no damage.
The merfolk moves out of view.
A merfolk comes into view. It is wielding a +0 halberd.
Your unstable footing causes you to fumble your attack.
The merfolk shouts!
You hear an angry buzzing noise.
The jumping spider leaps!
A hornet comes into view.
The merfolk aquamancer hits you but does no damage.
The basilisk bites you but does no damage.
Unknown command.
Unknown command.
Unknown command.
You slice the merfolk aquamancer!! You burn the merfolk aquamancer.
The merfolk aquamancer is heavily wounded.
You slash the basilisk! You burn the basilisk.
You kill the basilisk!
Trog accepts your kill.
The jumping spider leaps!
The merfolk aquamancer hits you but does no damage.
Unknown command.
Unknown command.
Your iron troll goes berserk!
The merfolk hits you but does no damage.
The merfolk aquamancer casts a spell at you.
The shard of ice hits you!!!
* * * LOW HITPOINT WARNING * * *
The jumping spider leaps!
The merfolk aquamancer points at you and mumbles some strange words.
The shard of ice hits you!!!
You die...

'#####)'######################
....##)'#########
....##).)...#...+
....##.)..###°..#
<...##...##.+...+
....##..##..##s## #
....##..#..##...## .+
....##..#÷.#...≈m#..#...
######..)÷.'.)°≈@Tml'...
######.÷#..#...≈≈#m.#y..
..[[##..#..##...## .c..
...[##..##..##†## #m..
..).##..[##.+...+ ..
..))##...)###...# .
..))##......#...+
#################


You could see a merfolk aquamancer, 3 merfolk, a hornet, a jumping spider, a
wyvern, a centaur and a friendly iron troll (summoned, berserk).

Vanquished Creatures
  A hydra (D)
  2 spriggans (D)
  A deep elf knight (D)
  A phantasmal warrior (D)
  A manticore (D)
  An elephant (D)
  An ice devil (D)
  A guardian mummy (D)
  A troll (D)
  A hornet (D)
  4 water elementals (D)
  A wyvern (D)
  A shadow (D)
  A basilisk (D)
  11 yaks (D)
  3 vampire mosquitoes (D)
  4 redbacks (D)
  3 acid dragons (D)
  A water moccasin (D)
  An orc warrior (D)
  A floating eye (D)
  A sky beast (D)
  A centaur (D)
  3 wolves (D)
  A kobold brigand (D)
  A scorpion (D)
  A gnoll sergeant (D)
  2 hounds (D)
  A jelly (D)
  An iron imp (D)
  Jessica (D)
  5 gnolls (D)
  An adder (D)
  2 river rats (D)
  An ufetubus (D)
  2 orcs (D)
  A bat (D)
  A bat zombie (D)
  An endoplasm (D)
  3 jackals (D)
  A kobold (D)
  A frilled lizard (D)
  A quokka zombie (D)
  A rat (D)
76 creatures vanquished.

Notes
Turn   | Place    | Note
-------+----------+-------------------------------------------
     0 | D        | mhtbhm the Minotaur Berserker began the quest for the Orb.
     0 | D        | Reached XP level 1. HP: 19/19 MP: 0/0
    15 | D        | Reached skill level 4 in Axes
    17 | D        | Reached ** piety under Trog
   205 | D        | Reached skill level 5 in Fighting
   205 | D        | Reached skill level 5 in Axes
   205 | D        | Reached XP level 2. HP: 12/29 MP: 1/1
   208 | D        | Reached *** piety under Trog
   424 | D        | Noticed a sky beast
   424 | D        | Noticed a floating eye
   427 | D        | Killed a floating eye
   427 | D        | Reached **** piety under Trog
   428 | D        | Reached skill level 7 in Axes
   428 | D        | Reached XP level 3. HP: 40/40 MP: 2/2
   428 | D        | Reached XP level 4. HP: 48/48 MP: 3/3
   432 | D        | Killed a sky beast
   433 | D        | Reached skill level 9 in Axes
   433 | D        | Reached skill level 5 in Dodging
   433 | D        | Reached XP level 5. HP: 57/57 MP: 4/4
   648 | D        | Reached ***** piety under Trog
   649 | D        | Reached XP level 6. HP: 45/66 MP: 5/5
   651 | D        | Reached skill level 10 in Axes
   652 | D        | Reached skill level 10 in Fighting
   654 | D        | Reached skill level 5 in Armour
   883 | D        | Noticed a water moccasin
   890 | D        | Killed a water moccasin
   890 | D        | Received a gift from Trog
   891 | D        | Reached skill level 11 in Axes
   891 | D        | Reached skill level 1 in Stealth
   960 | D        | Noticed an ice devil
   969 | D        | Killed an ice devil
   970 | D        | Reached skill level 12 in Axes
   970 | D        | Reached XP level 7. HP: 50/74 MP: 6/6
  1149 | D        | Noticed Jessica
  1155 | D        | Killed Jessica
  1159 | D        | Reached skill level 13 in Axes
  1171 | D        | Noticed a yak
  1171 | D        | Noticed a yak
  1171 | D        | Noticed a yak
  1171 | D        | Noticed a yak
  1171 | D        | Noticed a yak
  1171 | D        | Noticed a yak
  1171 | D        | Noticed a vampire mosquito
  1171 | D        | Noticed a vampire mosquito
  1171 | D        | Noticed a vampire mosquito
  1174 | D        | Killed a vampire mosquito
  1176 | D        | Killed a vampire mosquito
  1176 | D        | Received a gift from Trog
  1177 | D        | Reached XP level 8. HP: 85/85 MP: 7/7
  1178 | D        | Reached skill level 14 in Axes
  1185 | D        | Reached skill level 15 in Axes
  1190 | D        | Reached XP level 9. HP: 59/93 MP: 8/8
  1190 | D        | Reached ****** piety under Trog
  1191 | D        | Reached skill level 16 in Axes
  1443 | D        | Received a gift from Trog
  1444 | D        | Reached skill level 10 in Armour
  1883 | D        | Noticed a troll
  1883 | D        | Noticed a spriggan rider
  1886 | D        | Reached skill level 17 in Axes
  1891 | D        | Killed a troll
  1892 | D        | Killed a spriggan rider
  1892 | D        | Received a gift from Trog
  1893 | D        | Reached skill level 18 in Axes
  1936 | D        | Noticed a five-headed hydra
  1937 | D        | Noticed a deep elf knight
  1944 | D        | Killed a two-headed hydra
  1945 | D        | Reached skill level 15 in Fighting
  1945 | D        | Reached XP level 10. HP: 105/105 MP: 9/9
  1945 | D        | Killed a deep elf knight
  1946 | D        | Reached skill level 19 in Axes
  2034 | D        | Noticed a phantasmal warrior
  2042 | D        | Killed a phantasmal warrior
  2180 | D        | Noticed an elephant
  2188 | D        | Reached skill level 20 in Axes
  2192 | D        | Killed an elephant
  2192 | D        | Received a gift from Trog
  2491 | D        | Received a gift from Trog
  2646 | D        | Received a gift from Trog
  2647 | D        | Reached skill level 21 in Axes
  2691 | D        | Noticed a manticore
  2698 | D        | Killed a manticore
  2699 | D        | Reached XP level 11. HP: 69/116 MP: 10/10
  2876 | D        | Noticed a merfolk aquamancer
  2879 | D        | Identified the +6 halberd of Wisdom {flame, Fragile rN+
                  | Str+3} (Trog gifted it to you in the Dungeon)
  2879 | D        | Received a gift from Trog
  2897 | D        | Noticed a merfolk impaler
  2901 | D        | Killed from afar by a merfolk aquamancer

Illustrated notes

Levels and vault maps discovered:
D:        pitsprint [storerooms_1, entrance_room_1, metal_vault_6, armoury_2,
          mini_pit_1, grid_room_1, main_hall_1, silver_pit, the_coven_1,
          the_vestibule_1, steel_vault_5, golden_pit, hallway_of_sentries,
          crystal_vault_4, iron_vault_3, final_vault]

Skill      XL: |  1  2  3  4  5  6  7  8  9 10 11 |
---------------+----------------------------------+-----
Fighting       | 5 7 9 11 12 13 15 16 17 | 17.1
Axes           | 5 7 9 12 13 15 18 21 | 21.5
Armour         | 3 4 6 8 9 11 14 | 14.5
Dodging        | 3 4 5 7 8 9 |  9.6
Stealth        | 1 |  1.5

Action                   |  1- 3 |  4- 6 |  7- 9 | 10-12 || total
-------------------------+-------+-------+-------+-------++-------
Melee: Hand axe          |    20 |    26 |       |       ||    46
       Headbutt          |     2 |     6 |     7 |     7 ||    22
       Battleaxe         |       |     8 |    43 |    58 ||   109
Invok: Berserk           |     1 |     1 |     3 |     1 ||     6
       Brothers in Arms  |       |       |       |     1 ||     1
Armor: Animal skin       |     4 |     2 |       |       ||     6
       Scale mail        |       |    15 |     8 |       ||    23
       Chain mail        |       |       |    13 |    40 ||    53
Dodge: Dodged            |    18 |    16 |    19 |    30 ||    83

Table legend: (Time is in decaauts)
 A = Elapsed time spent in this place.
 B = Non-inter-level travel time spent in this place.
 C = Inter-level travel time spent in this place.
 D = Time resting spent in this place.
 E = Time spent auto-exploring this place.
 F = Levels seen in this place.
 G = Mean time per level.
                   A        B        C        D        E       F      G
               +--------+--------+--------+--------+--------+-----+--------+
         Total |   2916 |   2916 |      0 |   2253 |      0 |   1 | 2916.0 |
       Dungeon |   2916 |   2916 |      0 |   2253 |      0 |   1 | 2916.0 |
               +--------+--------+--------+--------+--------+-----+--------+

Top non-repeatable levels by time:
       D: 2916 daAuts
